 Dungeon Crawl Stone Soup version 0.21-a0-474-g05767a10c8 (webtiles) character file.

109 Kaname the Conjurer (level 4, -2/30 HPs)
             Began as a Demonspawn Wizard on Nov 22, 2017.
             Slain by a sky beast (6 damage)
             ... on level 3 of the Dungeon.
             The game lasted 00:04:46 (1800 turns).

Kaname the Conjurer (Demonspawn Wizard)             Turns: 1800, Time: 00:04:48

Health: -2/30      AC:  2    Str:  7    XL:     4   Next: 60%
Magic:  2/8        EV: 12    Int: 21    God:
Gold:   80         SH:  0    Dex: 11    Spells: 3/9 levels left

rFire    . . .     SeeInvis +   l - +1 dagger (speed)
rCold    . . .     Gourm    .   (no shield)
rNeg     . . .     Faith    .   a - +0 robe
rPois    .         Spirit   .   b - +0 hat
rElec    .         Reflect  .   (no cloak)
rCorr    .         Harm     .   (no gloves)
MR       .....                  (no boots)
Stlth    +++.......             (no amulet)
HPRegen  0.10/turn              g - ring of stealth
MPRegen  0.11/turn              e - ring of see invisible (curse)

@: no status effects
A: talons 2
a: no special abilities


You were on level 3 of the Dungeon.
You were hungry.

You visited 1 branch of the dungeon, and saw 3 of its levels.

You collected 80 gold pieces.

Inventory:

Hand Weapons
 l - a +1 dagger of speed (weapon)
Armour
 a - a +0 robe (worn)
 b - a +0 hat (worn)
Jewellery
 e - a cursed ring of see invisible (right hand)
 g - a ring of stealth (left hand)
Scrolls
 h - a scroll of identify
 i - 3 scrolls of amnesia
 j - 2 scrolls of immolation
 m - a scroll of remove curse {unknown}
Potions
 k - a potion of cancellation {unknown}
 n - a potion of degeneration {unknown}
Books
 c - a book of Minor Magic

   Spells                             Type                      Level
   a - Magic Dart                     Conjuration                  1
   b - Blink                          Translocation                2
   c - Call Imp                       Summoning                    2
   d - Slow                           Hexes                        2
   e - Conjure Flame                  Conjuration/Fire             3
   f - Mephitic Cloud                 Conjuration/Poison/Air       3
Comestibles
 d - a bread ration
 f - a meat ration


   Skills:
 - Level 1.7 Dodging
 - Level 1.7 Stealth
 - Level 3.0 Spellcasting
 + Level 4.5 Conjurations
   Level 1.0 Summonings
 - Level 0.8 Translocations


You had 3 spell levels left.
You knew the following spells:

 Your Spells              Type           Power        Failure   Level  Hunger
a - Magic Dart            Conj           ###.         1%          1    None
b - Blink                 Tloc           N/A          14%         2    ##.....
c - Mephitic Cloud        Conj/Pois/Air  #.......     22%         3    ###....


Dungeon Overview and Level Annotations

Branches:
Dungeon (3/15)

Altars:


Innate Abilities, Weirdness & Mutations

You have razor-sharp toenails.


Message History

Confirm with . or Enter, or press ? or * to list all spells.
Aiming: Magic Dart
Press: ? - help, Shift-Dir - straight line, f/p - sky beast
Aim: a sky beast (almost dead)
The magic dart hits the sky beast.
The sky beast is almost dead.
The sky beast hits you. The sky beast shocks you.
* * * LOW HITPOINT WARNING * * *
Casting: Magic Dart
Confirm with . or Enter, or press ? or * to list all spells.
Aiming: Magic Dart
Press: ? - help, Shift-Dir - straight line, f/p - sky beast
Aim: a sky beast (almost dead)
The magic dart hits the sky beast.
The sky beast is almost dead.
The sky beast flickers out of sight for a moment.
The sky beast hits you.
* * * LOW HITPOINT WARNING * * *
The sky beast shocks you.
You die...

#. #. ...#.##.########
#######..#...........#
#.....#..#...(.......#
.........#.......)...###
......[..#.....(.....'..
.........#...........###
.....................#
......Y@.............#
#########.........######
#......>.......# #..
#..............# #.#
#..............# #.#
#..............# #.#
#..............# #.#
#..............# #.#
#..............# #.#


You could see a sky beast (invisible).

Vanquished Creatures
  A hound (D:2)
  3 adders (D:2)
  2 oozes
  A dart slug (D:1)
  2 ball pythons (D:1)
  6 bats
  3 giant cockroaches
  7 goblins
  7 hobgoblins
  3 jackals (D:2)
  2 kobolds
  3 frilled lizards
  2 rats
42 creatures vanquished.

Notes
Turn   | Place    | Note
-------+----------+-------------------------------------------
     0 | D:1      | Kaname the Demonspawn Wizard began the quest for the Orb.
     0 | D:1      | Reached XP level 1. HP: 13/13 MP: 4/4
   370 | D:1      | Reached skill level 2 in Conjurations
   379 | D:1      | Gained mutation: You have sharp toenails. [demonic ancestry]
   379 | D:1      | Reached XP level 2. HP: 11/19 MP: 1/6
   555 | D:1      | Reached skill level 3 in Conjurations
   682 | D:1      | Gained mutation: You have razor-sharp toenails. [demonic ancestry]
   682 | D:1      | Reached XP level 3. HP: 24/24 MP: 4/7
  1086 | D:2      | Reached skill level 4 in Conjurations
  1086 | D:2      | Reached XP level 4. HP: 13/30 MP: 0/8
  1284 | D:2      | Learned a level 2 spell: Blink
  1288 | D:2      | Learned a level 3 spell: Mephitic Cloud
  1773 | D:3      | Noticed a sky beast
  1800 | D:3      | Slain by a sky beast

Vault maps used:
D:1:      kilobyte_arrival_exit_the_forest, kennysheep_doodads, fountainhead
D:2:      minmay_pentomino_z2
D:3:      lemuel_upstairs_altar, lemuel_doored_altar, uniq_crazy_yiuf_cottage

Skill      XL: |  1  2  3 |
---------------+----------+-----
Conjurations   | 2 3 4 |  4.5
Dodging        | |  1.7
Stealth        | |  1.7
Spellcasting   | |  3.0
Summonings     | |  1.0
Translocations | |  0.8

Action                   |  1- 3 |  4- 6 || total
-------------------------+-------+-------++-------
Melee: Dagger            |    42 |    24 ||    66
       Kick              |     3 |     4 ||     7
 Cast: Magic Dart        |    60 |    17 ||    77
  Use: Scroll            |       |     2 ||     2
 Stab: Sleeping          |       |     1 ||     1
  Eat: Chunk             |       |     2 ||     2
Armor: Robe              |     8 |    12 ||    20
Dodge: Dodged            |    28 |    13 ||    41

Table legend:
 A = Spawn XP
 B = Non-spawn XP
 C = Spawn XP percentage of total XP
 D = Spawn monster count
 E = Non-spawn monster count
 F = Spawn count percentage of total count
 G = Total turns spent on level
                    A         B        C        D         E        F      G
               +---------+---------+-------+---------+---------+-------+---------
         Total |       0 |     157 |   0.0 |       0 |      42 |   0.0 |  1800
               +---------+---------+-------+---------+---------+-------+---------
           D:1 |       0 |      41 |   0.0 |       0 |      19 |   0.0 |   822
           D:2 |       0 |     113 |   0.0 |       0 |      21 |   0.0 |   903
           D:3 |       0 |       3 |   0.0 |       0 |       2 |   0.0 |    75
               +---------+---------+-------+---------+---------+-------+---------
